 Dungeon Crawl Stone Soup version 0.30-a0-305-g026cb31310 (webtiles) character file.

Game seed: 531162003710747758

324 McGhostyFace the Spear-Bearer (level 6, -6/53 HPs)
             Began as a Gnoll Reaver on Oct 23, 2022.
             Killed by miscasting Sticky Flame (11 damage)
             ... on level 4 of the Dungeon.
             The game lasted 00:05:18 (3335 turns).

McGhostyFace the Spear-Bearer (Gnoll Reaver)        Turns: 3335, Time: 00:05:18

Health: -6/53      AC:  7    Str: 10 (12) XL:     6   Next: 48%
Magic:  7/15       EV: 12    Int: 13 (14) God:
Gold:   189        SH:  0    Dex:  7 (10) Spells: 13/18 levels left

rFire   . . .      SeeInvis +    a - +0 spear
rCold   . . .      Faith    .    (no shield)
rNeg    . . .      Spirit   .    f - +1 leather armour of True Grit {rElec Will+ SInv}
rPois   .          Reflect  .    (no helmet)
rElec   +          Harm     .    c - +0 cloak
rCorr   .          Rampage  .    g - +0 pair of gloves {Stlth+}
Will    +....                    (no boots)
Stlth   +++.......               (no amulet)
HPRegen 0.28/turn                (no ring)
MPRegen 0.14/turn                (no ring)

@: very slightly contaminated
A: fangs 1, strong nose, distributed training
a: no special abilities


You were on level 4 of the Dungeon.
You visited 1 branch of the dungeon, and saw 4 of its levels.

You collected 189 gold pieces.

Inventory:

Hand Weapons
 a - a +0 spear (weapon)
 h - a +1 dagger of venom
Armour
 b - a +0 leather armour
 c - a +0 cloak (worn)
 f - the +1 leather armour of True Grit (worn) {rElec Will+ SInv}
   (You found it on level 4 of the Dungeon)

   rElec:     It insulates you from electricity.
   SInv:      It lets you see invisible.
   Will:      It increases your willpower.
 g - a +0 pair of gloves of stealth (worn)
Scrolls
 e - a scroll of enchant weapon {unknown}
 i - 3 scrolls of identify {unknown}
 k - a scroll of enchant armour {unknown}
 l - 2 scrolls of teleportation {unknown}
 o - a scroll of summoning {unknown}
 p - a scroll of torment {unknown}
Potions
 j - a potion of degeneration


   Skills:
 + Level 6.6 Fighting
 + Level 4.7 Short Blades
 + Level 4.7 Long Blades
 + Level 4.7 Axes
 + Level 4.7 Maces & Flails
 + Level 8.1 Polearms
 + Level 4.7 Staves
 + Level 4.7 Ranged Weapons
 + Level 4.7 Throwing
 + Level 4.7 Armour
 + Level 6.6 Dodging
 + Level 4.7 Stealth
 + Level 4.7 Shields
 + Level 4.7 Unarmed Combat
 + Level 6.9 Spellcasting
 + Level 6.8 Conjurations
 + Level 3.9 Hexes
 + Level 3.9 Summonings
 + Level 3.9 Necromancy
 + Level 3.9 Translocations
 + Level 3.9 Transmutations
 + Level 3.9 Fire Magic
 + Level 3.9 Ice Magic
 + Level 3.9 Air Magic
 + Level 3.9 Earth Magic
 + Level 3.9 Poison Magic
 + Level 5.2 Invocations
 + Level 4.7 Evocations


You had 13 spell levels left.
You knew the following spells:

 Your Spells              Type           Power      Damage    Failure   Level
a - Kiss of Death         Conj/Necr      72%        2d10      2%          1
b - Sticky Flame          Conj/Fire      18%        2d4       22%         4

Your spell library contained the following spells:

 Spells                   Type           Power      Damage    Failure   Level
 Momentum Strike          Conj/Tloc      36%        3d9       3%          2
 Hailstorm                Conj/Ice       18%        3d6       7%          3
 Ignite Poison            Fire/Tmut/Pois 14%        N/A       12%         3
 Ignition                 Fire           7%         3d4       100%        8


Dungeon Overview and Level Annotations

Branches:
Dungeon (4/15)
 Temple: D:4-7

Altars:


Innate Abilities, Weirdness & Mutations

You have very sharp teeth.
Your uncanny sense of smell can sniff out nearby items.
Your experience applies equally to all skills.


Message History

You hit the gnoll but do no damage. The gnoll hits you but does no damage.
You hit the gnoll but do no damage. Your punch misses the gnoll.
Your bite misses the gnoll.
A goblin comes into view. It is wielding a +0 club.
The gnoll barely misses you.
You hit the gnoll.
The gnoll is heavily wounded.
You completely miss the gnoll.
The gnoll is heavily wounded.
The gnoll hits you with a +0 spear!
* * * LOW HITPOINT WARNING * * *
Okay, then.
As you read the scroll labelled SIRAXT DELOSM, it crumbles to dust.
It is a scroll of amnesia.
Okay, then.
The goblin hits you but does no damage. The gnoll misses you.
Cast which spell? (? or * to list)
You don't know that spell.
Unknown command.
Unknown command.
Sorry, you're not good enough to have a special ability.
Cast which spell? (? or * to list)
The spell is quite dangerous to miscast (22% risk of failure)!
Continue anyway?
Aiming: Sticky Flame (quite dangerous; 22% risk of failure)
Press: ? - help, Shift-Dir - straight line, f - gnoll
Aim: a gnoll, wielding a +0 spear (heavily wounded)
The sticky flame hits the gnoll!
You kill the gnoll!
The goblin hits you with a +0 club.
* * * LOW HITPOINT WARNING * * *
Casting: Sticky Flame (quite dangerous; 22% risk of failure)
Confirm with . or Enter, or press ? or * to list all spells.
The spell is quite dangerous to miscast (22% risk of failure)!
Continue anyway?
Aiming: Sticky Flame (quite dangerous; 22% risk of failure)
Press: ? - help, Shift-Dir - straight line, f - gnoll sergeant
Aim: a gnoll sergeant, wielding a +0 spear and wearing a +0 ring mail You miscast Sticky Flame.
You are very lightly contaminated with residual magic.
There is a sudden and violent explosion of flames!
You die...

#...##
#....#############.#
.......)...........#
...............###.#
.>....########.###.#.#
#)).### #............#
....# #.####.###.#.#
#...### #.#g##.# .
......# #.###@#.##....
###.#.# #)# ##g.......
#.#.# ## #.####.$..
#.#.# #g## . #...# ..#
##...........
#.#####.##. #.# # #.
#.# #


You could see a gnoll sergeant and a goblin.

Vanquished Creatures
  8 gnolls
  4 adders
  2 worms
  A dart slug (D:1)
  5 orcs (D:3)
  8 ball pythons
  2 endoplasms
  5 giant cockroaches
  8 goblins
  A hobgoblin (D:1)
  10 jackals
  4 quokkas
  7 bats
  2 frilled lizards
  8 kobolds
  2 rats (D:2)
77 creatures vanquished.

Notes
Turn   | Place    | Note
-------+----------+-------------------------------------------
     0 | D:1      | McGhostyFace the Gnoll Reaver began the quest for the Orb.
     0 | D:1      | Reached XP level 1. HP: 20/20 MP: 6/6
    37 | D:1      | Reached XP level 2. HP: 15/26 MP: 7/7
   542 | D:1      | Reached skill level 5 in Spellcasting
   542 | D:1      | Reached XP level 3. HP: 20/31 MP: 7/9
   723 | D:1      | Reached skill level 1 in Invocations
   903 | D:1      | Reached skill level 1 in Short Blades
   903 | D:1      | Reached skill level 1 in Long Blades
   903 | D:1      | Reached skill level 1 in Axes
   903 | D:1      | Reached skill level 1 in Maces & Flails
   903 | D:1      | Reached skill level 1 in Staves
   903 | D:1      | Reached skill level 1 in Ranged Weapons
   903 | D:1      | Reached skill level 1 in Throwing
   903 | D:1      | Reached skill level 1 in Armour
   903 | D:1      | Reached skill level 1 in Stealth
   903 | D:1      | Reached skill level 1 in Shields
   903 | D:1      | Reached skill level 1 in Unarmed Combat
   903 | D:1      | Reached skill level 1 in Evocations
  1312 | D:1      | Reached XP level 4. HP: 19/38 MP: 11/11
  1543 | D:2      | Reached skill level 1 in Hexes
  1543 | D:2      | Reached skill level 1 in Summonings
  1543 | D:2      | Reached skill level 1 in Necromancy
  1543 | D:2      | Reached skill level 1 in Translocations
  1543 | D:2      | Reached skill level 1 in Transmutations
  1543 | D:2      | Reached skill level 1 in Fire Magic
  1543 | D:2      | Reached skill level 1 in Ice Magic
  1543 | D:2      | Reached skill level 1 in Air Magic
  1543 | D:2      | Reached skill level 1 in Earth Magic
  1543 | D:2      | Reached skill level 1 in Poison Magic
  1785 | D:2      | Found a faded altar of an unknown god.
  2292 | D:3      | Reached XP level 5. HP: 14/43 MP: 12/12
  2486 | D:3      | Reached skill level 8 in Polearms
  2486 | D:3      | Reached skill level 5 in Invocations
  2486 | D:3      | Reached XP level 6. HP: 9/53 MP: 12/15
  2909 | D:3      | Learned a level 4 spell: Sticky Flame
  3256 | D:4      | Identified the +1 leather armour of True Grit {rElec Will+
                  | SInv}
  3335 | D:4      | Killed by miscasting Sticky Flame

Illustrated notes

Levels and vault maps discovered:
D:1:      lemuel_arrival_river_ford, layout_basic, minmay_shallow_snake_nest
D:2:      layout_rooms, shapermc_ecumenical_altar_hornbeckon,
          amcnicky_mini_corridor_feature
D:3:      layout_basic, minmay_statues_item, grunt_decor_cap
D:4:      layout_loops_ring, serial_shops, shop, uniq_ijyb

Skill      XL: |  1  2  3  4  5 |
---------------+----------------+-----
Spellcasting   | 5 6 |  6.9
Invocations    | 1 5 |  5.2
Short Blades   | 1 4 |  4.7
Long Blades    | 1 4 |  4.7
Axes           | 1 4 |  4.7
Maces & Flails | 1 4 |  4.7
Staves         | 1 4 |  4.7
Ranged Weapons | 1 4 |  4.7
Throwing       | 1 4 |  4.7
Armour         | 1 4 |  4.7
Stealth        | 1 4 |  4.7
Shields        | 1 4 |  4.7
Unarmed Combat | 1 4 |  4.7
Evocations     | 1 4 |  4.7
Hexes          | 1 3 |  3.9
Summonings     | 1 3 |  3.9
Necromancy     | 1 3 |  3.9
Translocations | 1 3 |  3.9
Transmutations | 1 3 |  3.9
Fire Magic     | 1 3 |  3.9
Ice Magic      | 1 3 |  3.9
Air Magic      | 1 3 |  3.9
Earth Magic    | 1 3 |  3.9
Poison Magic   | 1 3 |  3.9
Fighting       | 6 |  6.6
Polearms       | 8 |  8.1
Dodging        | 6 |  6.6
Conjurations   | 6 |  6.8

Action                   |  1- 3 |  4- 6 || total
-------------------------+-------+-------++-------
Melee: Spear             |   135 |   263 ||   398
       Bite              |     7 |    20 ||    27
       Punch             |       |     2 ||     2
 Cast: Sticky Flame      |       |     1 ||     1
  Use: Potion            |       |     6 ||     6
       Scroll            |       |     1 ||     1
 Stab: Sleeping          |     2 |     8 ||    10
Armor: Leather armour    |    41 |    52 ||    93
       Skin              |       |     4 ||     4
Dodge: Dodged            |   101 |   145 ||   246

Table legend: (Time is in decaauts)
 A = Elapsed time spent in this place.
 B = Non-inter-level travel time spent in this place.
 C = Inter-level travel time spent in this place.
 D = Time resting spent in this place.
 E = Time spent auto-exploring this place.
 F = Levels seen in this place.
 G = Mean time per level.
                   A        B        C        D        E       F      G
               +--------+--------+--------+--------+--------+-----+--------+
         Total |   3247 |   3175 |     72 |   1130 |   1452 |   4 |  811.8 |
       Dungeon |   3247 |   3175 |     72 |   1130 |   1452 |   4 |  811.8 |
               +--------+--------+--------+--------+--------+-----+--------+

Top non-repeatable levels by time:
     D:1: 1342 daAuts
     D:3: 1249 daAuts
     D:2: 553 daAuts
     D:4: 102 daAuts
